 Dungeon Crawl Stone Soup version 0.28-a0-2-g643f2454ad (webtiles) character file.

Game seed: 11306127849213563953

613 Delamore the Slasher (level 7, -8/56 HPs)
             Began as a Formicid Fighter on July 22, 2021.
             Mangled by an ogre (19 damage)
             ... on level 4 of the Dungeon.
             The game lasted 00:05:15 (4388 turns).

Delamore the Slasher (Formicid Fighter)             Turns: 4388, Time: 00:05:15

Health: -8/56      AC:  6    Str: 22    XL:     7   Next: 72%
Magic:  7/7        EV:  8    Int:  8    God:
Gold:   188        SH:  9    Dex: 10    Spells: 6/6 levels left

rFire   . . .      SeeInvis +   a - +1 long sword
rCold   . . .      Faith    .   c - +0 kite shield
rNeg    . . .      Spirit   .   b - +0 scale mail
rPois   +          Reflect  .   (helmet unavailable)
rElec   .          Harm     .   (no cloak)
rCorr   .          Rampage  .   (no gloves)
Will    .....                   (no boots)
Stlth   ..........              (no amulet)
HPRegen 0.18/turn               e - ring of poison resistance
MPRegen 0.10/turn               (no ring)

@: no status effects
A: permanent stasis, dig shafts and tunnels, antennae 3, four strong arms
a: Dig, Shaft Self


You were on level 4 of the Dungeon.
You visited 2 branches of the dungeon, and saw 5 of its levels.
You also visited: Sewer.

You collected 188 gold pieces.

Inventory:

Hand Weapons
 a - a +1 long sword (weapon)
Missiles
 j - a curare-tipped dart
 k - 4 poisoned darts (quivered)
 o - 4 boomerangs
Armour
 b - a +0 scale mail (worn)
 c - a +0 kite shield (worn)
Jewellery
 e - a ring of poison resistance (left hand)
Scrolls
 h - a scroll of enchant weapon
 p - a scroll of amnesia
Potions
 d - a potion of might
 f - 2 potions of brilliance {unknown}
 i - a potion of haste {unknown}
 l - 2 potions of curing
 m - 3 potions of flight
 n - a potion of heal wounds
Miscellaneous
 g - a box of beasts (inert)


   Skills:
 - Level 5.0 Fighting
 * Level 7.3 Long Blades
 - Level 3.2 Armour
 - Level 3.6 Shields


You had 6 spell levels left.
You didn't know any spells.
Your spell library contained the following spells:

 Spells                   Type           Power      Damage    Failure   Level
 Magic Dart               Conj           0%         1d3       98%         1
 Call Imp                 Summ           0%         N/A       99%         2
 Sublimation of Blood     Necr           0%         N/A       99%         2
 Mephitic Cloud           Conj/Pois/Air  0%         N/A       100%        3
 Petrify                  Tmut/Erth      0%         N/A       100%        4
 Irradiate                Conj/Tmut      0%         3d13      100%        5


Dungeon Overview and Level Annotations

Branches:
Dungeon (4/15)             Temple (1/1) D:4           Sewer (visited)

Altars:
Elyvilon
Fedhas
Hepliaklqana
Kikubaaqudgha
Nemelex Xobeh
Okawaru
Ru
Sif Muna
Wu Jian
Xom
Yredelemnul
Zin


Innate Abilities, Weirdness & Mutations

You cannot be hasted, slowed, berserked, paralysed or teleported.
You can dig through walls and to a lower floor.
You have a pair of large antennae on your head. (SInv)
Your four strong arms can wield two-handed weapons with a shield.


Message History

Things that are here:
a +0 flail; a +0 leather armour; an orc corpse You see here a +0 leather armour.
An endoplasm comes into view.
The endoplasm quivers.
An ogre comes into view. It is wielding a +0 giant club.
There are monsters nearby!
The ogre shouts!
An endoplasm comes into view.
Throw: 8 darts (poison)
Press: ? - help, Q - select action, (/) - cycle Shift-Dir - straight line, f - endoplasm
Aim: an endoplasm (85% to hit)
You throw a poisoned dart. The poisoned dart hits the endoplasm.
Throw: 7 darts (poison)
Press: ? - help, Q - select action, (/) - cycle Shift-Dir - straight line, f/p - endoplasm
Aim: an endoplasm (85% to hit)
You throw a poisoned dart. The poisoned dart hits the endoplasm.
Throw: 6 darts (poison)
Press: ? - help, Q - select action, (/) - cycle Shift-Dir - straight line, f/p - endoplasm
Aim: an endoplasm (85% to hit)
You throw a poisoned dart. The poisoned dart hits the endoplasm.
The endoplasm is poisoned.
The endoplasm freezes you.
You are frozen.
You slash the endoplasm!
You kill the endoplasm!
Throw: 5 darts (poison)
Press: ? - help, Q - select action, (/) - cycle Shift-Dir - straight line, f - ogre
Aim: an ogre, wielding a +0 giant club (73% to hit)
You throw a poisoned dart. The poisoned dart hits the ogre.
The ogre is poisoned.
The ogre hits you with a +0 giant club!!
You hit the ogre.
The ogre is lightly wounded.
The ogre hits you with a +0 giant club!!
* * * LOW HITPOINT WARNING * * *
You hit the ogre.
The ogre is lightly wounded.
The ogre hits you with a +0 giant club!!
You die...

#.##.##.J......
#.##.##.#
#.......#
#####.### #(#
#(# #.# ####O#
#...@# { #.####
#


You could see an ogre (poisoned).

Vanquished Creatures
  An ogre (D:4)
  A kobold brigand (Sewer)
  A bullfrog skeleton (D:4)
  An iguana (D:4)
  3 river rats
  8 adders
  An adder zombie (D:3)
  3 worms
  4 dart slugs
  2 orcs
  13 ball pythons
  5 bats
  7 endoplasms
  6 giant cockroaches
  9 goblins
  9 hobgoblins
  9 jackals
  4 quokkas (D:1)
  4 frilled lizards
  10 kobolds
  11 rats
112 creatures vanquished.

Vanquished Creatures (collateral kills)
  Grinder (D:3)
1 creature vanquished.

Vanquished Creatures (others)
  2 plants (D:2)
2 creatures vanquished.

Grand Total: 115 creatures vanquished

Notes
Turn   | Place    | Note
-------+----------+-------------------------------------------
     0 | D:1      | Delamore the Formicid Fighter began the quest for the Orb.
     0 | D:1      | Reached XP level 1. HP: 18/18 MP: 1/1
    61 | D:1      | Reached XP level 2. HP: 11/24 MP: 2/2
   492 | D:1      | Reached XP level 3. HP: 16/30 MP: 3/3
   662 | D:1      | Reached skill level 3 in Long Blades
   745 | D:1      | Found a faded altar of an unknown god.
  1350 | D:2      | Reached XP level 4. HP: 37/37 MP: 4/4
  1833 | D:2      | Reached skill level 4 in Long Blades
  1920 | D:2      | Reached XP level 5. HP: 42/42 MP: 5/5
  2379 | D:3      | Found a glowing drain.
  2390 | Sewer    | Entered a sewer
  2684 | Sewer    | Noticed a kobold brigand
  2705 | Sewer    | Killed a kobold brigand
  2706 | Sewer    | Reached skill level 5 in Long Blades
  2706 | Sewer    | Reached XP level 6. HP: 22/50 MP: 6/6
  2948 | Sewer    | Found a glowing silver altar of Zin.
  3055 | D:3      | Reached skill level 5 in Fighting
  3250 | D:3      | Noticed Grinder
  3290 | D:3      | Killed Grinder
  3291 | D:3      | Reached skill level 6 in Long Blades
  3291 | D:3      | Reached XP level 7. HP: 22/56 MP: 7/7
  4121 | D:4      | Found a staircase to the Ecumenical Temple.
  4130 | Temple   | Entered the Ecumenical Temple
  4231 | D:4      | Reached skill level 7 in Long Blades
  4388 | D:4      | Mangled by an ogre

Illustrated notes

Levels and vault maps discovered:
D:1:      dpeg_arrival_water_temple_mockup, layout_basic,
          ebering_ecumenical_altar_abandoned
D:2:      layout_basic, chequers_serial_rivers_micro_e, serial_bayou_crossing
D:3:      layout_loops_ring, portal_sewer_entry_a, serial_aquarium,
          aquarium_bridge_straight [aquarium_subvault_bridge,
          aquarium_subvault_wall, aquarium_subvault_bridge,
          aquarium_subvault_wall], aquarium_bridge_long_joined
          [aquarium_subvault_bridge, aquarium_subvault_wall,
          aquarium_subvault_bridge, aquarium_subvault_window,
          aquarium_subvault_wall, aquarium_subvault_balcony],
          aquarium_window_fake, aquarium_window_1, aquarium_view_2f,
          aquarium_pool_1, minmay_checkerbox, uniq_grinder
D:4:      layout_loops_cross, mainiacjoe_overflow_paths,
          minmay_temple_entry_sparse_star, minmay_statues_item,
          saegor_snake_ambush
Temple:   nicolae_temple_hex_pool

Skill      XL: |  1  2  3  4  5  6  7 |
---------------+----------------------+-----
Long Blades    | 3 4 5 6 7 |  7.3
Fighting       | 4 5 |  5.0
Armour         | |  3.2
Shields        | |  3.6

Action                   |  1- 3 |  4- 6 |  7- 9 || total
-------------------------+-------+-------+-------++-------
Melee: Long sword        |    87 |   197 |    55 ||   339
Throw: Dart              |       |     5 |     4 ||     9
 Abil: Dig               |     2 |     4 |       ||     6
Evoke: Box of beasts     |       |     1 |       ||     1
  Use: Scroll            |       |     2 |     3 ||     5
Armor: Scale mail        |    38 |    80 |     9 ||   127
Dodge: Dodged            |    26 |    74 |    23 ||   123
Block: Kite shield       |    45 |   135 |    24 ||   204
       Rpst.: Long sword |     6 |    21 |     7 ||    34

Table legend: (Time is in decaauts)
 A = Elapsed time spent in this place.
 B = Non-inter-level travel time spent in this place.
 C = Inter-level travel time spent in this place.
 D = Time resting spent in this place.
 E = Time spent auto-exploring this place.
 F = Levels seen in this place.
 G = Mean time per level.
                   A        B        C        D        E       F      G
               +--------+--------+--------+--------+--------+-----+--------+
         Total |   4557 |   4477 |     80 |    813 |   2692 |   6 |  759.5 |
       Dungeon |   3825 |   3764 |     61 |    372 |   2513 |   4 |  956.2 |
        Temple |     91 |     72 |     19 |      0 |     71 |   1 |   91.0 |
         Sewer |    640 |    640 |      0 |    441 |    107 |   1 |  640.0 |
               +--------+--------+--------+--------+--------+-----+--------+

Top non-repeatable levels by time:
     D:1: 1275 daAuts
     D:3: 1222 daAuts
     D:2: 916 daAuts
   Sewer: 640 daAuts
     D:4: 410 daAuts
  Temple: 91 daAuts
